 Dungeon Crawl Stone Soup version 0.25-a0-1133-g93ebf73 (webtiles) character file.

Game seed: 18040099013858307340, levelgen mode: deterministic

50 thirtiethelement the Skirmisher (level 3, -2/30 HPs)
             Began as a Demonspawn Abyssal Knight on May 22, 2020.
             Was a Follower of Lugonu.
             Slain by Grinder (5 damage)
             ... on level 3 of the Dungeon.
             The game lasted 00:09:42 (1876 turns).

thirtiethelement the Skirmisher (DsAK)              Turns: 1876, Time: 00:09:42

Health: -2/30      AC:  6    Str: 13    XL:     3   Next: 55%
Magic:  4/4        EV: 15    Int: 19    God:    Lugonu [*.....]
Gold:   110        SH:  0    Dex: 12    Spells: 2/2 levels left

rFire    . . .     SeeInvis .   a - +1 falchion
rCold    . . .     Gourm    .   (no shield)
rNeg     . . .     Faith    .   d - +2 leather armour {MR+}
rPois    .         Spirit   .   (no helmet)
rElec    .         Reflect  .   (no cloak)
rCorr    .         Harm     .   (no gloves)
MR       +....                  i - +0 pair of boots
Stlth    +.........             b - amulet of regeneration
HPRegen  0.50/turn              h - +4 ring of evasion
MPRegen  0.09/turn              q - +6 ring of intelligence

@: no status effects
A: claws 1, spiny 1
a: Depart the Abyss, Renounce Religion


You were on level 3 of the Dungeon.
You worshipped Lugonu.
Lugonu was aware of your devotion.
You were not hungry.

You visited 1 branch of the dungeon, and saw 3 of its levels.
You visited the Abyss 1 time.

You collected 110 gold pieces.

Inventory:

Hand Weapons
 a - a +1 falchion (weapon)
Missiles
 t - 5 silver javelins (quivered)
Armour
 d - a +2 leather armour of magic resistance (worn)
 i - a +0 pair of boots (worn)
Jewellery
 b - an amulet of regeneration (around neck)
 h - a +4 ring of evasion (left claw)
 q - a +6 ring of intelligence (right claw)
Scrolls
 g - a scroll of random uselessness {unknown}
 k - 2 scrolls of identify {unknown}
 m - a scroll of enchant weapon {unknown}
 o - a scroll of teleportation {unknown}
 p - a scroll of amnesia {unknown}
Potions
 e - 3 potions of curing {unknown}
 f - 2 potions of heal wounds {unknown}
 j - 2 potions of lignification {unknown}
 l - a potion of might {unknown}
 n - 2 potions of cancellation {unknown}
 r - a potion of ambrosia {unknown}
 s - a potion of invisibility {unknown}
Comestibles
 c - 9 rations


   Skills:
 + Level 3.7 Fighting
 + Level 2.4 Long Blades
 + Level 2.2 Armour
 + Level 0.9 Dodging
 + Level 0.5 Stealth
 + Level 2.5 Invocations


You had 2 spell levels left.
You didn't know any spells.
Your spell library was empty.

Dungeon Overview and Level Annotations

Branches:
Dungeon (3/15)

Altars:

Annotations:
D:3 Grinder


Innate Abilities, Weirdness & Mutations

You have sharp fingernails.
You are partially covered in sharp spines.


Message History

Grinder misses you.
You hit Grinder.
Grinder is moderately wounded.
Grinder gestures at you.
You easily resist.
You barely miss Grinder.
Grinder is moderately wounded.
Grinder barely misses you.
You slash Grinder!
Grinder is heavily wounded.
Grinder gestures at you. You resist with significant effort.
You closely miss Grinder.
Grinder is heavily wounded.
Grinder hits you!
* * * LOW HITPOINT WARNING * * *
You hit Grinder.
Grinder is severely wounded.
Grinder hits you.
You die...

#..........#
#..........#
#..........#
#..........#
#....#######
#....#
#....#######
#....†(.....
##..@5......
#..........
#..........
#[......(..
####.....##
.##### .# .#


You could see Grinder.

Vanquished Creatures
  2 worms (D:2)
  A dart slug (D:1)
  2 leopard geckos
  A ball python (D:3)
  7 bats
  3 giant cockroaches
  3 goblins
  4 hobgoblins
  4 jackals (D:1)
  2 kobolds
  A quokka (D:2)
  3 frilled lizards
  2 rats
35 creatures vanquished.

Notes
Turn   | Place    | Note
-------+----------+-------------------------------------------
     0 | Abyss:1  | thirtiethelement the Demonspawn Abyssal Knight began the
                  | quest for the Orb.
     0 | Abyss:1  | Reached XP level 1. HP: 18/18 MP: 2/2
    35 | Abyss:1  | Noticed a large abomination
    50 | Abyss:1  | Noticed an iron imp
   107 | Abyss:2  | Noticed a neqoxec
   115 | Abyss:2  | Found a shimmering blue altar of Sif Muna.
   133 | D:1      | Escaped the Abyss
   677 | D:1      | Gained mutation: You have sharp fingernails. [demonic
                  | ancestry]
   677 | D:1      | Reached XP level 2. HP: 23/24 MP: 3/3
  1220 | D:2      | Reached * piety under Lugonu
  1297 | D:2      | Gained mutation: You are partially covered in sharp spines.
                  | [demonic ancestry]
  1297 | D:2      | Reached XP level 3. HP: 21/30 MP: 4/4
  1413 | D:2      | Found a faded altar of an unknown god.
  1855 | D:3      | Noticed Grinder
  1867 | D:3      | Paralysed by Grinder for 3 turns
  1876 | D:3      | Slain by Grinder

Illustrated notes

Levels and vault maps discovered:
D:1:      dpeg_arrival_castle, layout_basic
D:2:      layout_rooms, first_ration, chequers_ecumenical_altar_grove
D:3:      layout_basic, uniq_grinder

Skill      XL: |  1  2 |
---------------+-------+-----
Armour         | 2 |  2.2
Long Blades    | 2 |  2.4
Fighting       | |  3.7
Dodging        | |  0.9
Stealth        | |  0.5
Invocations    | |  2.5

Action                   || total
-------------------------++-------
Melee: Falchion          ||   100
Throw: Javelin           ||     2
Invok: Depart the Abyss  ||     1
  Eat: Ration            ||     1
Armor: Leather armour    ||    21
Dodge: Dodged            ||    79
       Rpst.: Falchion   ||    26

Table legend:
 A = Non-vault XP
 B = Vault XP
 C = Vault XP percentage of total XP
 D = Non-vault monster count
 E = Vault monster count
 F = Vault count percentage of total count
                 A         B        C        D         E       F
            +---------+---------+-------+---------+---------+-------
      Total |      72 |       0 |   0.0 |      35 |       0 |   0.0
            +---------+---------+-------+---------+---------+-------
        D:1 |      27 |       0 |   0.0 |      13 |       0 |   0.0
        D:2 |      30 |       0 |   0.0 |      14 |       0 |   0.0
        D:3 |      15 |       0 |   0.0 |       8 |       0 |   0.0
            +---------+---------+-------+---------+---------+-------
